 Dungeon Crawl Stone Soup version 0.28-a0-1235-g7c8fac35f0 (webtiles) character file.

Game seed: 8975116804216069035

0 spiderkeys the Skirmisher (level 1, -3/11 HPs)
             Began as a Vine Stalker Abyssal Knight on Dec 25, 2021.
             Was a Follower of Lugonu.
             Slain by a sixfirhy (4 damage)
             ... on level 2 of the Abyss.
             The game lasted 00:00:43 (103 turns).

spiderkeys the Skirmisher (VSAK)                     Turns: 103, Time: 00:00:44

Health: -3/11      AC:  3    Str: 15    XL:     1   Next: 0%
Magic:  0/3        EV: 11    Int: 10    God:    Lugonu [*.....]
Gold:   0          SH:  0    Dex: 14    Spells: 0/0 levels left

rFire   . . .      SeeInvis .   a - +1 short sword
rCold   . . .      Faith    .   (no shield)
rNeg    . . .      Spirit   +   b - +0 leather armour
rPois   .          Reflect  .   (no helmet)
rElec   .          Harm     .   (no cloak)
rCorr   .          Rampage  .   (no gloves)
Will    .....                   (no boots)
Stlth   +.........              (no amulet)
HPRegen 0.03/turn               (no ring)
MPRegen 0.08/turn               (no ring)

@: attractive
A: fangs 2, magic shield, antimagic bite, no potion heal 2
a: Renounce Religion, Depart the Abyss


You were on level 2 of the Abyss.
You worshipped Lugonu.
Lugonu was aware of your devotion.
You visited 0 branches of the dungeon, and saw 0 of its levels.
You visited the Abyss 1 time.


Innate Abilities, Weirdness & Mutations

You have extremely sharp teeth.
When hurt, damage is shared between your health and your magic reserves.
Your bite disrupts and absorbs the magic of your enemies.
Potions cannot restore your health.


   Skills:
 + Level 2.6 Fighting
 + Level 1.7 Short Blades
 + Level 1.5 Armour
 + Level 0.7 Dodging
 + Level 1.7 Invocations


You couldn't memorise any spells.
You didn't know any spells.
Your spell library was empty.

Inventory:

Hand Weapons
 a - a +1 short sword (weapon)
Armour
 b - a +0 leather armour (worn)
Potions
 c - a potion of attraction {!q}

Dungeon Overview and Level Annotations

Branches:
Dungeon (0/15)

Altars:

#..#.......#.#
#.#.....#.. . #.#§..##...
.. #.#.#...#.###..#
#...##.§.......#
#.#..#...§....#. .. ...#
..#3# ..#....#..#..... ..
≈≈#..#. .#...3####......
.
.≈≈##..###....@..........
≈§ ###. #...#..#..#... #.
# ..#............. .. ≈.
#....##...... .. ..
≈.≈≈≈#.....#......#
≈≈##..###......##.
≈≈#≈≈♣......#........ ..
.≈ #.........#.. .#
#.#...##.. ...... #


You could see a sixfirhy.


Message History

🤖 Initializing magus.rc ... ✅ Successfully initialized magus.rc [v1.9.10] Welcome, spiderkeys the Vine Stalker Abyssal Knight.
Will you be the one to retrieve the incredible Orb of Zot from the depths?
Lugonu says: Depart the Abyss and spread corruption, my servant! (use the ability menu to exit the Abyss) Press ? for a list of commands and other information.
Found a corrupted altar of Lugonu.
Found a corrupted altar of Lugonu.
Unknown command.
A tentacled starspawn assembles itself!
Why would you want to do that? Why would you want to do that?
There is a corrupted altar of Lugonu here.
Tentacles burst from the starspawn's body! 2 starspawn tentacles come into view.
The starspawn tentacle closely misses you.
Found a gateway leading out of the Abyss.
The starspawn tentacle grabs you.
The starspawn tentacle constricts you. 😕 HP[-2] MP[-1]
You take 2 damage, and now have 9/11 hp.
You lost 1 mp, and now have 2/3 mp.
You escape the starspawn tentacle's grasp.
There is a gateway leading out of the Abyss here. 😕 MP[+1]
Your mp is fully restored (3).
Found a gateway leading deeper into the Abyss.
Found a ring mail.
Found a gateway leading deeper into the Abyss.
There is a gateway leading deeper into the Abyss here.
Tentacles burst from the starspawn's body!
You plunge deeper into the Abyss. 😕 HP[+1]
c - a glowing inky potion
c - 2 glowing inky potions (gained 1) It was a potion of attraction.
You feel attractive to monsters.
A sixfirhy comes into view.
The sixfirhy is attracted toward you.
The sixfirhy is attracted toward you. 😎 HP[+1]
Your hp is fully restored (11).
The sixfirhy is attracted toward you. The sixfirhy is attracted toward you.
The sixfirhy hits you. The sixfirhy shocks you!
Ouch! That really hurt!
* * * LOW HITPOINT WARNING * * *
The sixfirhy hits you.
You die...

Action                   || total
-------------------------++-------
  Use: Potion            ||     1
Dodge: Dodged            ||     1

Levels and vault maps discovered:
Abyss:2:  base:
Temple

Notes
Turn   | Place    | Note
-------+----------+-------------------------------------------
     0 | Abyss:1  | spiderkeys the Vine Stalker Abyssal Knight began the quest
                  | for the Orb.
     0 | Abyss:1  | Reached XP level 1. HP: 11/11 MP: 3/3
     0 | Abyss:1  | magus.rc [v1.9.10]
     1 | Abyss:1  | Found a corrupted altar of Lugonu.
    25 | Abyss:1  | Noticed a tentacled starspawn
    97 | Abyss:2  | Noticed a sixfirhy
   103 | Abyss:2  | HP: 1/11 [sixfirhy (8)]
   103 | Abyss:2  | Slain by a sixfirhy

Vanquished Creatures (others)
  2 starspawn tentacles (Abyss:1)
2 creatures vanquished.

Table legend:
 A = Non-vault XP
 B = Vault XP
 C = Vault XP percentage of total XP
 D = Non-vault monster count
 E = Vault monster count
 F = Vault count percentage of total count
                 A         B        C        D         E       F
            +---------+---------+-------+---------+---------+-------
      Total |       0 |       0 |   N/A |       0 |       0 |  -nan
            +---------+---------+-------+---------+---------+-------
            +---------+---------+-------+---------+---------+-------

Illustrated notes

Table legend: (Time is in decaauts)
 A = Elapsed time spent in this place.
 B = Non-inter-level travel time spent in this place.
 C = Inter-level travel time spent in this place.
 D = Time resting spent in this place.
 E = Time spent auto-exploring this place.
 F = Levels seen in this place.
 G = Mean time per level.
                   A        B        C        D        E       F      G
               +--------+--------+--------+--------+--------+-----+--------+
         Total |    102 |    102 |      0 |      0 |     24 |   2 |   51.0 |
         Abyss |    102 |    102 |      0 |      0 |     24 |   2 |   51.0 |
               +--------+--------+--------+--------+--------+-----+--------+

Top non-repeatable levels by time:
 Abyss:1: 65 daAuts
 Abyss:2: 37 daAuts
